 Dungeon Crawl Stone Soup version 0.29-a0-43-g62a80824bf (webtiles) character file.

Game seed: 6040075545434390248

55 Crownlay the Digger (level 3, 0/23 HPs)
             Began as an Octopode Earth Elementalist on Feb 2, 2022.
             Slain by a gnoll (5 damage)
             ... on level 2 of the Dungeon.
             The game lasted 00:01:46 (1947 turns).

Crownlay the Digger (Octopode Earth Elementalist)   Turns: 1947, Time: 00:01:46

Health: 0/23       AC:  1    Str:  7    XL:     3   Next: 93%
Magic:  1/6        EV: 13    Int: 19    God:
Gold:   72         SH:  0    Dex: 12    Spells: 5/6 levels left

rFire   . . .      SeeInvis .   c - +1 dagger (elec)
rCold   . . .      Faith    .   (no shield)
rNeg    . . .      Spirit   .   (helmet restricted)
rPois   .          Reflect  .   (no amulet)
rElec   .          Harm     .   (no ring)
rCorr   .          Rampage  .   (no ring)
Will    .....                   (no ring)
Stlth   +++.......              (no ring)
HPRegen 0.07/turn               (no ring)
MPRegen 0.10/turn               (no ring)
                                (no ring)
                                (no ring)

@: no status effects
A: almost no armour, amphibious, 8 rings, camouflage 1, gelatinous body 1,
(nimble swimmer 1), tentacles
a: no special abilities


You were on level 2 of the Dungeon.
You visited 1 branch of the dungeon, and saw 2 of its levels.

You collected 72 gold pieces.

Inventory:

Hand Weapons
 c - a +1 dagger of electrocution (weapon)
Missiles
 b - 31 stones
Scrolls
 a - a scroll of magic mapping {unknown}
Potions
 d - a potion of resistance {unknown}
 e - a potion of flight {unknown}
 f - a potion of haste {unknown}


   Skills:
 + Level 1.2 Fighting
 - Level 2.0 Dodging
 + Level 3.5 Stealth
 + Level 2.4 Spellcasting
 - Level 1.0 Transmutations
 * Level 3.7 Earth Magic


You had 5 spell levels left.
You knew the following spells:

 Your Spells              Type           Power      Damage    Failure   Level
a - Sandblast             Erth           32%        2d9       3%          1

Your spell library contained the following spells:

 Spells                   Type           Power      Damage    Failure   Level
 Passwall                 Tmut/Erth      9%         N/A       9%          2
 Stone Arrow              Conj/Erth      18%        3d8       22%         3
 Petrify                  Tmut/Erth      11%        N/A       52%         4


Dungeon Overview and Level Annotations

Branches:
Dungeon (2/15)

Altars:

Shops:
D:1 :


Innate Abilities, Weirdness & Mutations

You cannot wear most types of armour.
You are amphibious.
You can wear up to eight rings at the same time.
Your skin changes colour to match your surroundings (Stealth+).
Your rubbery body absorbs attacks. (AC +1, EV +1)
((You are camouflaged when in or above water. (Stealth+)))
You have tentacles for arms and can constrict up to eight enemies at once.


Message History

The gnoll shouts!
You can't see any susceptible monsters within range! (Use Z to cast anyway.)
Found a dark potion and the +7 Kryia's mail coat {PotionHeal*2 rC+}.
Found a stone staircase leading up.
You can't see any susceptible monsters within range! (Use Z to cast anyway.)
The gnoll shouts!
The blast of sand hits the gnoll!
You kill the gnoll!
The gnoll shouts!
The gnoll hits you from afar with a +0 spear.
The blast of sand hits the gnoll.
The gnoll is heavily wounded.
The gnoll barely misses you.
The gnoll hits you from afar with a +0 spear!
You are too injured to fight recklessly!
Casting: Sandblast (safe; 3% risk of failure)
Confirm with . or Enter, or press ? or * to list all spells.
Aiming: Sandblast (safe; 3% risk of failure)
Press: ? - help, Shift-Dir - straight line, f/p - gnoll
Aim: a gnoll, wielding a +0 spear (heavily wounded, 82% to hit)
The blast of sand misses the gnoll.
The gnoll barely misses you. The gnoll misses you.
Casting: Sandblast (safe; 3% risk of failure)
Confirm with . or Enter, or press ? or * to list all spells.
Aiming: Sandblast (safe; 3% risk of failure)
Press: ? - help, Shift-Dir - straight line, f/p - gnoll
Aim: a gnoll, wielding a +0 spear (heavily wounded, 82% to hit)
The blast of sand hits the gnoll!
You kill the gnoll!
The gnoll hits you from afar with a +0 spear.
* * * LOW HITPOINT WARNING * * *
Casting: Sandblast (safe; 3% risk of failure)
Confirm with . or Enter, or press ? or * to list all spells.
Aiming: Sandblast (safe; 3% risk of failure)
Press: ? - help, Shift-Dir - straight line, f - gnoll
Aim: a gnoll, wielding a +0 spear (82% to hit)
The blast of sand hits the gnoll.
The gnoll is moderately wounded.
The gnoll hits you from afar with a +0 spear.
You die...

..#.#.#.#..###
.............
..#.#.#.#.<. ........$.[
.. ..#.#.#?#.# ... ###
#.....g...# .#.#######..
#.#.#)#)#.##.#.......#.#
#.!....@..##.##......#.#
########.##..##......#.#
#.....†.#........
###.#.#.#........ ###.#
#.......... ##...#
###......## #...##
#........ #...###
##.###### #.##
#...(.#####.######


You could see a gnoll.

Vanquished Creatures
  2 gnolls (D:2)
  4 dart slugs
  2 bats
  4 endoplasms
  3 goblins (D:1)
  4 hobgoblins
  A quokka (D:1)
  5 ball pythons
  A frilled lizard (D:1)
  A kobold (D:2)
27 creatures vanquished.

Notes
Turn   | Place    | Note
-------+----------+-------------------------------------------
     0 | D:1      | Crownlay the Octopode Earth Elementalist began the quest
                  | for the Orb.
     0 | D:1      | Reached XP level 1. HP: 11/11 MP: 3/3
   460 | D:1      | Reached XP level 2. HP: 4/18 MP: 3/5
   957 | D:1      | Found a faded altar of an unknown god.
  1015 | D:1      | Found Ufuobl Siaff's Book Shop.
  1400 | D:2      | Reached XP level 3. HP: 22/22 MP: 6/6
  1702 | D:2      | Reached skill level 1 in Fighting
  1941 | D:2      | Found the +7 Kryia's mail coat {PotionHeal*2 rC+}
  1947 | D:2      | Slain by a gnoll

Illustrated notes

Levels and vault maps discovered:
D:1:      dpeg_arrival_rhombi, layout_basic, serial_shops, shop_fountains,
          shapermc_ecumenical_altar_venn, minivault_11,
          kennysheep_decorative_pillar
D:2:      layout_rooms, serial_co_window_serial, co_window_paths_a,
          co_window_corner_a, co_window_paths_a, co_window_corner_a,
          co_window_paths_b, co_window_corner_cb, co_window_cross_4,
          co_window_unsneaky_path_e, co_window_paths_e, co_window_4corner_a,
          glass_columns_c, glass_columns_b, glass_columns_a, glass_columns_c,
          amethyst_killhole, kennysheep_generic_room_3

Skill      XL: |  1  2  3 |
---------------+----------+-----
Stealth        | 3 |  3.5
Fighting       | 1 |  1.2
Dodging        | |  2.0
Spellcasting   | |  2.4
Transmutations | |  1.0
Earth Magic    | |  3.7

Action                   || total
-------------------------++-------
Melee: Club              ||     3
       Dagger            ||    25
       Tentacles         ||     4
       Constrict         ||     8
 Cast: Sandblast         ||    20
 Stab: Sleeping          ||     4
Armor: Skin              ||     1
Dodge: Dodged            ||    22

Table legend: (Time is in decaauts)
 A = Elapsed time spent in this place.
 B = Non-inter-level travel time spent in this place.
 C = Inter-level travel time spent in this place.
 D = Time resting spent in this place.
 E = Time spent auto-exploring this place.
 F = Levels seen in this place.
 G = Mean time per level.
                   A        B        C        D        E       F      G
               +--------+--------+--------+--------+--------+-----+--------+
         Total |   1946 |   1921 |     25 |      0 |   1748 |   2 |  973.0 |
       Dungeon |   1946 |   1921 |     25 |      0 |   1748 |   2 |  973.0 |
               +--------+--------+--------+--------+--------+-----+--------+

Top non-repeatable levels by time:
     D:1: 1392 daAuts
     D:2: 553 daAuts
